 Dungeon Crawl Stone Soup version 0.31-a0-150-g89dc3ad700 (webtiles) character file.

Game seed: 5401773378603048841

72 qw the Shooter (level 4, -2/28 HPs)
             Began as a Gargoyle Hunter on June 8, 2023.
             Slain by an orc priest
             ... wielding a +0 club
              (3 damage)
             ... on level 2 of the Dungeon.
             The game lasted 00:00:49 (1256 turns).

qw the Shooter (Gargoyle Hunter)                    Turns: 1256, Time: 00:00:50

Health: -2/28      AC:  8    Str: 14    XL:     4   Next: 26%
Magic:  4/4        EV: 10    Int: 10    God:
Gold:   102        SH:  0    Dex: 15    Spells: 3/3 levels left

rFire   . . .        Y - +0 shortbow
rCold   . . .        (shield currently unavailable)
rNeg    + . .        d - +0 ring mail
rPois   inf          (no helmet)
rElec   +            (no cloak)
rCorr   .            (no gloves)
SInv    .            (no boots)
Will    .....        (no amulet)
Stlth   +            (no ring)
HPRegen 0.24/turn    (no ring)
MPRegen 0.09/turn

%: no passive effects
@: no status effects
A: sickness immunity, AC +3, negative energy resistance 1, electricity
resistance, torment resistance 1, petrification resistance
a: no special abilities


You were on level 2 of the Dungeon.
You visited 1 branch of the dungeon, and saw 2 of its levels.

You collected 102 gold pieces.


Innate Abilities, Weirdness & Mutations

You are immune to sickness and miasma.
Your stone body is resilient. (AC +3)
You are immune to poison.
You resist negative energy. (rN+)
You are resistant to electric shocks. (rElec)
You are resistant to unholy torment.
You are immune to petrification.


   Skills:
 - Level 3.0 Fighting
 + Level 5.1 Ranged Weapons
 - Level 1.0 Armour
 - Level 1.5 Dodging
 - Level 1.1 Stealth


You had 3 spell levels left.
You didn't know any spells.
Your spell library was empty.

Inventory:

Hand Weapons
 Y - a +0 shortbow (weapon)
Armour
 d - a +0 ring mail (worn)
Scrolls
 a - a scroll of identify
Potions
 f - a potion of attraction {unknown}
 g - a potion of degeneration {unknown}
 h - a potion of heal wounds {unknown}

Dungeon Overview and Level Annotations

Branches:
Dungeon (2/15)

Altars:


Message History

HP restored.
You now have 102 gold pieces (gained 3).
Things that are here:
a +0 whip; a +0 ring mail You shoot an arrow.
The arrow barely misses the orc priest.
You shoot an arrow. The arrow hits the orc priest.
The orc priest is lightly wounded.
The orc priest calls down the wrath of Beogh upon you.
Beogh smites you!
You shoot an arrow.
The arrow hits the orc but does no damage.
You shoot an arrow. The arrow closely misses the orc.
The arrow closely misses the orc priest.
The orc priest mumbles some strange prayers to Beogh against you.
Beogh smites you!
You shoot an arrow. The arrow barely misses the orc.
The arrow hits the orc priest.
The orc priest is heavily wounded.
The orc completely misses you.
You shoot an arrow. The arrow completely misses the orc.
The arrow closely misses the orc priest.
The orc barely misses you. The orc priest barely misses you.
The orc hits you with a +0 club.
You shoot an arrow.
The arrow hits the orc priest but does no damage.
The orc priest is moderately wounded.
The orc priest hits you but does no damage.
The orc barely misses you.
You shoot an arrow.
The arrow hits the orc priest but does no damage.
The orc priest is moderately wounded.
The orc priest calls down the wrath of Beogh upon you.
Pain shoots through your body! The orc closely misses you.
You shoot an arrow. The arrow hits the orc priest!
The orc priest is almost dead.
The orc priest begins to cast a cantrip, but forgets the words!
The orc hits you but does no damage.
You shoot an arrow. The arrow barely misses the orc priest.
The orc priest hits you with a +0 club.
You die...

####(....# ##.).##.# *,,
...%.....# #..####.# *#(#
#........# ##.## #.# *#..#
,,*#..<<.#####..# #.# *####..##
,**#.....##....## #.###.......,
,*
#........#########.....#...***
,**#.######.##...........##.#**
,,*#.*** #.##.#########..).#
,,,.,,,* #.##.)@o....###.###
**#***,* #.##..#o..#..##.##
#### #.#
#.............#..###... #.#
###..........}#...##.#. #.#
#..........$#....%.#. #.#
##..#...#..##....###. #.#
#........###....# #. #.#
#.#########.....# #.
#.#######........%).....# #.


You could see an orc priest and an orc.

Vanquished Creatures
  An adder (D:2)
  2 dart slugs (D:1)
  3 orcs (D:2)
  8 bats
  4 endoplasms
  3 giant cockroaches (D:1)
  4 goblins
  4 hobgoblins
  4 jackals (D:1)
  2 quokkas
  4 ball pythons
  6 frilled lizards
  2 kobolds
  6 rats
53 creatures vanquished.

Notes
Turn   | Place    | Note
-------+----------+-------------------------------------------
     0 | D:1      | qw the Gargoyle Hunter began the quest for the Orb.
     0 | D:1      | Reached XP level 1. HP: 12/12 MP: 1/1
     0 | D:1      | 0 ||| qw: Version: 0.2-a-119-g7aa9181
     0 | D:1      | 0 ||| qw: Game counter: 2910
     0 | D:1      | 0 ||| qw: Always use a shield: true
     0 | D:1      | 0 ||| qw: God list: Okawaru
     0 | D:1      | 0 ||| qw: Allow faded altars: false
     0 | D:1      | 0 ||| qw: Do Orc after D:15 true
     0 | D:1      | 0 ||| qw: Do second Lair branch before Depths: true
     0 | D:1      | 0 ||| qw: Lair rune preference: random
     0 | D:1      | 0 ||| qw: Plans: Normal
     0 | D:1      | 0 ||| PLANNING D:1-11
    61 | D:1      | Reached XP level 2. HP: 17/17 MP: 2/2
   269 | D:1      | 269 ||| FLEEEEING.
   270 | D:1      | 270 ||| FLEEEEING.
   335 | D:1      | Reached XP level 3. HP: 11/21 MP: 3/3
   397 | D:1      | Reached skill level 5 in Ranged Weapons
   854 | D:1      | 854 ||| UPGRADING to +0 ring mail.
   864 | D:1      | 864 ||| DROPPING +0 leather armour.
   865 | D:1      | 865 ||| DROPPING scarf of invisibility.
   866 | D:1      | 866 ||| READING scroll labelled ISEELY DEXEPI.
   867 | D:1      | 867 ||| DROPPING scroll of butterflies.
   987 | D:2      | Reached skill level 1 in Armour
  1042 | D:2      | Found a faded altar of an unknown god.
  1058 | D:2      | Reached skill level 3 in Fighting
  1058 | D:2      | Reached XP level 4. HP: 26/28 MP: 4/4
  1188 | D:2      | 1188 ||| READING scroll labelled SOSKUTWOTO.
  1189 | D:2      | 1189 ||| READING scroll labelled OSARYOMUAG.
  1191 | D:2      | 1191 ||| READING scroll labelled LEODUN GUNN.
  1250 | D:2      | HP: 6/28 [orc priest/divine providence (11)]
  1254 | D:2      | HP: 1/28 [orc priest/nerve-wracking pain (4)]
  1256 | D:2      | Slain by an orc priest

Levels and vault maps discovered:
D:1:      wander_arrival_estate, layout_basic, minmay_ruptured
D:2:      cheibrodos_pilgrimage, layout_rooms, shapermc_ecumenical_altar_gd

Skill      XL: |  1  2  3 |
---------------+----------+-----
Ranged Weapons | 5 |  5.1
Armour         | 1 |  1.0
Fighting       | 3 |  3.0
Dodging        | |  1.5
Stealth        | |  1.1

Action                     |  1- 3 |  4- 6 || total
---------------------------+-------+-------++-------
   Fire: Shortbow          |   114 |    37 ||   151
    Use: Scroll            |     1 |     3 ||     4
 Armour: Leather armour    |    30 |       ||    30
         Ring mail         |     1 |     7 ||     8
  Dodge: Dodged            |    43 |     7 ||    50

Table legend:
 A = Non-vault XP
 B = Vault XP
 C = Vault XP percentage of total XP
 D = Non-vault monster count
 E = Vault monster count
 F = Vault count percentage of total count
                 A         B        C        D         E       F
            +---------+---------+-------+---------+---------+-------
      Total |      92 |      12 |  11.5 |      48 |       5 |   9.4
            +---------+---------+-------+---------+---------+-------
        D:1 |      56 |       3 |   5.1 |      33 |       2 |   5.7
        D:2 |      36 |       9 |  20.0 |      15 |       3 |  16.7
            +---------+---------+-------+---------+---------+-------
